 Dungeon Crawl Stone Soup version 0.23-a0-639-ga9a3373 (webtiles) character file.

28 Lavandula the Cutter (level 3, -1/31 HPs)
             Began as a Halfling Enchanter on Dec 29, 2018.
             Slain by an orc
             ... wielding a +0 hand axe
              (3 damage)
             ... on level 3 of the Dungeon.
             The game lasted 00:02:20 (630 turns).

Lavandula the Cutter (Halfling Enchanter)            Turns: 630, Time: 00:02:21

Health: -1/31      AC: 21    Str:  8 (11) XL:     3   Next: 27%
Magic:  5/5        EV:  3    Int: 11 (14) God:
Gold:   17         SH:  0    Dex: 11 (14) Spells: 2/5 levels left

rFire    . . .     SeeInvis +   a - +1 dagger
rCold    . . .     Gourm    .   (shield restricted)
rNeg     + + +     Faith    .   (armour currently unavailable)
rPois    +         Spirit   .   (helmet currently unavailable)
rElec    .         Reflect  .   (cloak currently unavailable)
rCorr    .         Harm     .   (gloves currently unavailable)
MR       .....     NoTele   +   (boots currently unavailable)
Stlth    ++........             h - amulet of the acrobat
HPRegen  0.10/turn              i - ring of see invisible
MPRegen  0.09/turn              (no ring)

@: tree-form
A: small, mutation resistance 1, strong 1
a: no special abilities


You were on level 3 of the Dungeon.
You were not hungry.
You were a tree.
You visited 1 branch of the dungeon, and saw 3 of its levels.

You collected 17 gold pieces.

Inventory:

Hand Weapons
 a - a +1 dagger (weapon)
 l - a +0 blowgun
Missiles
 m - 8 poisoned needles
Armour
 b - a +0 robe (melded)
Jewellery
 h - an amulet of the acrobat (around neck)
 i - a ring of see invisible (left branch)
Scrolls
 e - 5 scrolls of identify {unknown}
 g - a scroll of remove curse {unknown}
 k - 2 scrolls of blinking {unknown}
Potions
 j - a potion of degeneration
Comestibles
 d - 3 rations


   Skills:
 + Level 3.6 Short Blades
 - Level 2.1 Dodging
 - Level 3.2 Stealth
 - Level 1.5 Spellcasting
 - Level 2.4 Hexes


You had 2 spell levels left.
You knew the following spells:

 Your Spells              Type           Power        Failure   Level  Hunger
a - Corona                Hex            #......      12%         1    ##.....
b - Ensorcelled Hibernat  Hex/Ice        #.....       28%         2    ###....

Your spell library contained the following spells:

 Spells                   Type           Power        Failure   Level  Hunger
 Confuse                  Hex            #.......     34%         3    ####...
 Tukima's Dance           Hex            #.......     34%         3    ####...
 Dazzling Spray           Conj/Hex       #.....       50%         3    ####...


Dungeon Overview and Level Annotations

Branches:
Dungeon (3/15)

Altars:

Annotations:
D:3 3 runed doors, zkyp's ghost, amateur GnGl


Innate Abilities, Weirdness & Mutations

You are small and have problems with some larger weapons.
You are somewhat resistant to further mutation.
Your muscles are strong. (Str +2)


Message History

Your +0 robe melds into your body.
Your roots penetrate the ground.
The orc hits you but does no damage.
Unknown command.
It was a potion of mutation.
You feel extremely strange.
You feel stronger.
The hobgoblin hits you but does no damage.
The orc hits you but does no damage.
Unknown command.
Okay, then.
Okay, then.
You aren't carrying any items that you can evoke.
Unknown command.
You hit the orc.
The orc is lightly wounded.
The hobgoblin hits you but does no damage.
You hit the orc.
The orc is moderately wounded.
A bat comes into view.
The orc hits you with a +0 hand axe.
You die...

#.#Z#!#..#####..<...##
#.....#..# #####..##
##!...+.###### #..#.
#W)...+......# #..#.
##....+......# #..#.
#....Z#......# #..#.
#Z#.#Z#......# #..#.
#######......## #..#.
#...♣oo....... #..#)
....##g##oo....### #.
. #. #......# #.
..o....o.....# #.
.............# #.
.b.........### #.
############ ##


You could see an orc priest, 3 orcs, a hobgoblin and a bat.

Vanquished Creatures
  An ooze (D:3)
  A leopard gecko (D:1)
  4 bats
  3 giant cockroaches
  3 goblins (D:1)
  3 hobgoblins (D:1)
  A frilled lizard (D:1)
  2 kobolds
  A rat (D:1)
19 creatures vanquished.

Vanquished Creatures (others)
  4 toadstools (D:1)
4 creatures vanquished.

Grand Total: 23 creatures vanquished

Notes
Turn   | Place    | Note
-------+----------+-------------------------------------------
     0 | D:1      | Lavandula the Halfling Enchanter began the quest for the
                  | Orb.
     0 | D:1      | Reached XP level 1. HP: 11/11 MP: 3/3
    55 | D:1      | Reached XP level 2. HP: 11/17 MP: 1/4
    65 | D:1      | Learned a level 2 spell: Ensorcelled Hibernation
   478 | D:3      | Reached XP level 3. HP: 19/21 MP: 5/5
   607 | D:3      | Found a runed gate.
   607 | D:3      | Found a runed gate.
   608 | D:3      | Found a runed gate.
   611 | D:3      | Noticed zkyp's ghost (amateur GnGl)
   625 | D:3      | HP: 1/21 [orc/+0 hand axe (3)]
   628 | D:3      | Gained mutation: Your muscles are strong. (Str +2) [potion
                  | of mutation]
   630 | D:3      | Slain by an orc

Vault maps used:
D:1:      ldierk_walled_garden_2
D:2:      first_ration, chequers_ecumenical_altar_simple, uniq_terence
D:3:      lemuel_coloured_pillars_altar, gammafunk_ghost_necromancy,
          corexii_corridor_pit

Skill      XL: |  1  2 |
---------------+-------+-----
Short Blades   | 2 3 |  3.6
Dodging        | |  2.1
Stealth        | |  3.2
Spellcasting   | |  1.5
Hexes          | |  2.4

Action                   || total
-------------------------++-------
Melee: Dagger            ||    81
 Cast: Corona            ||     9
       Ensorcelled Hiber ||     1
  Use: Potion            ||     3
 Stab: Sleeping          ||     4
Armor: Robe              ||    14
       Skin              ||     4
Dodge: Dodged            ||    63

Table legend:
 A = Non-vault XP
 B = Vault XP
 C = Vault XP percentage of total XP
 D = Non-vault monster count
 E = Vault monster count
 F = Vault count percentage of total count
                 A         B        C        D         E       F
            +---------+---------+-------+---------+---------+-------
      Total |      40 |       0 |   0.0 |      19 |       0 |   0.0
            +---------+---------+-------+---------+---------+-------
        D:1 |      25 |       0 |   0.0 |      14 |       0 |   0.0
        D:3 |      15 |       0 |   0.0 |       5 |       0 |   0.0
            +---------+---------+-------+---------+---------+-------
